 Dungeon Crawl Stone Soup version 0.15-a0-1253-g15b4f57 (webtiles) character file.

103 MDvedh the Ruffian (level 4, -1/41 HPs)
             Began as a Troll Death Knight on June 4, 2014.
             Was a Believer of Yredelemnul.
             Slain by a slave (8 damage)
             ... led by Pikel
             ... on Level 4 of the Dungeon.
             The game lasted 00:03:54 (1971 turns).

MDvedh the Ruffian (Troll Death Knight)             Turns: 1971, Time: 00:03:54

HP  -1/41        AC  5     Str 23      XL: 4   Next: 51%
MP   3/3         EV  9     Int  7      God: Yredelemnul [**....]
Gold 122         SH  0     Dex 10      Spells:  0 memorised,  3 levels left

rFire  . . .     SeeInvis .       - Unarmed
rCold  . . .     Clarity  .     b - +0 robe
rNeg   . . .     rCorr    .     (shield restricted)
rPois  .         rRot     .     (helmet restricted)
rElec  .         Spirit   .     (no cloak)
SustAb .         Warding  .     (gloves unavailable)
rMut   .         Stasis   .     (boots unavailable)
Gourm  +                        (no amulet)
MR     .....                    (no ring)
                                o - +2 ring of strength

@: not resistant to hostile enchantments, very unstealthy
A: unfitting armour, claws 3, fast metabolism 3, gourmand, regeneration 2,
saprovore 2, shaggy fur 1, tough skin 2
a: Animate Remains, Recall Undead Slaves, Injury Mirror, Renounce Religion


You were on level 4 of the Dungeon.
You worshipped Yredelemnul.
Yredelemnul was pleased with you.
You were not hungry.

You visited 1 branch of the dungeon, and saw 4 of its levels.

You collected 122 gold pieces.

Inventory:

Armour
 b - a +0 robe (worn)
Magical devices
 r - a wand of polymorph (10) {unknown}
Comestibles
 a - 5 meat rations
 j - 3 fruits
 p - a beef jerky
Scrolls
 c - 3 scrolls of teleportation {unknown}
 g - 2 scrolls of immolation {unknown}
 h - a scroll of identify {unknown}
 i - a scroll of magic mapping {unknown}
 k - a scroll of enchant armour {unknown}
 l - a scroll of enchant weapon II {unknown}
 s - a scroll of remove curse {unknown}
Jewellery
 o - a +2 ring of strength (left claw)
Potions
 d - a potion of confusion {unknown}
 e - 2 potions of might {unknown}
 f - a potion of mutation {unknown}
 m - a potion of curing {unknown}
 n - 2 potions of heal wounds {unknown}
 q - a potion of porridge


   Skills:
 - Level 1.5 Fighting
 - Level 1.2 Dodging
 + Level 4.8 Unarmed Combat
 - Level 2.4 Invocations


You had 3 spell levels left.
You didn't know any spells.

Dungeon Overview and Level Annotations

Branches:
Dungeon (4/15)
 Temple: D:4-7

Altars:
Okawaru
The Shining One

Annotations:
D:4 Pikel


Innate Abilities, Weirdness & Mutations

You are too large for most types of armour.
You have claws for hands.
Your metabolism is lightning-fast.
You like to eat raw meat.
You heal very quickly.
You can eat rotten meat.
You are covered in fur (AC +1).
You have very tough skin (AC +2).


Message History

You see here a stone.
You barely miss Pikel.
Pikel is severely wounded.
Pikel hits you with a whip of flaming! Pikel burns you.
You barely miss Pikel.
Pikel is severely wounded.
Pikel hits you but does no damage.
Unknown command.
You scratch Pikel but do no damage.
Pikel is severely wounded.
The slave barely misses you. Pikel hits you with a whip of flaming!
* * * LOW HITPOINT WARNING * * *
Pikel burns you.
* * * LOW HITPOINT WARNING * * *
Unknown command.
You barely miss Pikel.
Pikel is severely wounded.
The slave hits you!
You die...
Your body rises from the dead as a mindless zombie.

## ### . # #. # #.###
... #.#.#####.###.#.#
...#
###...........#.#.#...
..........######.#.#.#
#####.#....g..#.#...#
#...#p#...g.#
#.###K#<..#.# #.#
#@#####.# #.#
#.p...#p#
#####.#######.#g# # .#
#.........#.((..#
##.##
#....%###.#..g###
....# #.....#
#.#.#.###### ....#
#.....###.#........?
....#
#.....#...#.########
....# #.....#.###.#


You could see Pikel, 2 slaves and a goblin.

Vanquished Creatures
  Terence (D:2)
  2 adders
  2 worms
  2 giant geckos
  3 orcs (D:3)
  A ball python (D:1)
  6 bats
  3 giant cockroaches
  6 goblins
  2 hobgoblins (D:1)
  10 jackals
  6 kobolds
  3 giant newts
  5 rats
52 creatures vanquished.

Notes
Turn   | Place    | Note
--------------------------------------------------------------
     0 | D:1      | MDvedh, the Troll Death Knight, began the quest for the Orb.
     0 | D:1      | Reached XP level 1. HP: 19/19 MP: 1/1
    83 | D:1      | Reached XP level 2. HP: 27/27 MP: 1/1
   108 | D:1      | Reached skill level 3 in Unarmed Combat
   526 | D:2      | Noticed Terence
   535 | D:2      | Killed Terence
   535 | D:2      | Reached XP level 3. HP: 26/33 MP: 3/3
   571 | D:2      | Found a glowing golden altar of the Shining One.
   607 | D:2      | Acquired Yredelemnul's second power
   617 | D:2      | Reached skill level 4 in Unarmed Combat
  1076 | D:3      | Found an iron altar of Okawaru.
  1306 | D:3      | Reached XP level 4. HP: 37/41 MP: 3/3
  1910 | D:4      | Noticed a slave
  1911 | D:4      | Noticed Pikel
  1931 | D:4      | Noticed a slave
  1933 | D:4      | Noticed a slave
  1971 | D:4      | Slain by a slave

Action                   |  1- 3 |  4- 6 || total
-------------------------+-------+-------++-------
Melee: Unarmed           |   126 |    49 ||   175
